 Dungeon Crawl Stone Soup version 0.29.0-4-gdea44cf6ec (webtiles) character file.

Game seed: 12526427593441919469

1653 qw the Cleaver (level 9, -1/48 (52) HPs)
             Began as a Tengu Warper on Aug 28, 2022.
             Slain by a wight
             ... wielding a +2 hand axe
              (5 damage)
             ... on level 6 of the Dungeon.
             The game lasted 00:00:38 (6668 turns).

qw the Cleaver (Tengu Warper)                       Turns: 6668, Time: 00:00:38

HP:   -1/48 (52)    AC: 13    Str: 21    XL:     9   Next: 0%
MP:   13/13         EV:  8    Int: 12    God:
Gold: 300           SH:  0    Dex: 12    Spells: 12/12 levels left

rFire   . . .      SeeInvis .   Y - +1 broad axe
rCold   . . .      Faith    .   (no shield)
rNeg    . . .      Spirit   .   l - +0 plate armour
rPois   +          Reflect  .   (helmet restricted)
rElec   .          Harm     .   g - +0 cloak
rCorr   .          Rampage  .   (no gloves)
Will    .....                   (boots unavailable)
Stlth   ..........              (no amulet)
HPRegen 0.16/turn               c - ring of poison resistance
MPRegen 0.13/turn               (no ring)

@: flying quickly and evasively, drained, unable to read, quick
A: beak, talons 3, nimble flight, passive freeze, strong 1, inability to read
after injury 1
a: no special abilities


You were on level 6 of the Dungeon.
You visited 1 branch of the dungeon, and saw 6 of its levels.

You collected 300 gold pieces.


Innate Abilities, Weirdness & Mutations

You have a beak for a mouth.
You have claws for feet.
Your magical nature lets you fly swiftly and evasively.
A frigid envelope surrounds you and freezes all who hurt you.
Your muscles are strong. (Str +4, Int/Dex -1)
You occasionally lose the ability to read scrolls when taking damage.


   Skills:
 + Level 4.7 Fighting
 - Level 10.1 Axes
 - Level 1.0 Throwing
 - Level 5.1 Armour
 - Level 2.1 Dodging
 - Level 2.0 Spellcasting
 - Level 2.4 Translocations


You had 12 spell levels left.
You didn't know any spells.
Your spell library contained the following spells:

 Spells                   Type           Power      Damage    Failure   Level
 Blink                    Tloc           12%        N/A       98%         2
 Gell's Gravitas          Tloc           6%         N/A       100%        3
 Lesser Beckoning         Tloc           6%         N/A       100%        3
 Teleport Other           Tloc           6%         N/A       100%        3
 Manifold Assault         Tloc           6%         N/A       100%        5

Inventory:

Hand Weapons
 h - a +0 flail
 Y - a +1 broad axe (weapon)
Missiles
 d - 3 boomerangs (quivered)
Armour
 g - a +0 cloak (worn)
 l - a +0 plate armour (worn)
Jewellery
 c - a ring of poison resistance (left hand)
 n - a ring of ice
Scrolls
 a - a scroll of identify
 j - 2 scrolls of teleportation
Potions
 k - a potion of brilliance {unknown}
 m - 3 potions of curing

Dungeon Overview and Level Annotations

Branches:
Dungeon (6/15)
 Temple: D:4-7

Altars:
Ashenzari
Makhleb
Trog

Annotations:
D:3 1 runed translucent door, Crazy Yiuf


Message History

The wight is lightly damaged.
The wight hits you with a +4 trident.
You feel drained.
The wight resists.
The wight is very cold.
The wight is lightly damaged.
The wight hits you but does no damage.
You hit the wight. You peck the wight.
The wight is heavily damaged.
The wight hits you but does no damage.
The wight resists.
The wight is very cold.
The wight is heavily damaged.
The wight hits you from afar with a +0 halberd.
You feel threatened and lose the ability to read scrolls!
You hit the wight. Your kick misses the wight.
The wight is almost destroyed.
The wight hits you with a +4 trident.
You feel drained.
The wight resists.
The wight is very cold.
You destroy the wight!
The wight hits you from afar with a +0 halberd.
You feel drained.
You have reached level 9!
Your experience leads to an increase in your attributes!
Your base attributes are Str 15, Int 13, Dex 13.
Increase (S)trength, (I)ntelligence, or (D)exterity?
You feel stronger. x2
You closely miss the wight. You claw the wight.
The wight is moderately damaged.
The wight hits you but does no damage.
The wight completely resists.
The wight barely misses you.
You closely miss the wight. You peck the wight, but do no damage.
The wight is moderately damaged.
The wight hits you with a +2 hand axe!
You feel drained.
The wight completely resists.
The wight barely misses you.
The wight hits you but does no damage. x2; The wight resists.
The wight is very cold.
The wight is heavily damaged.
You barely miss the wight. Your kick misses the wight.
You peck the wight, but do no damage.
The wight is heavily damaged.
The wight barely misses you. The wight hits you with a +2 hand axe.
You die...

..# #.####
####....####
#.....#.#..#
#.......#..#
#.......#..# #
####.#..#zz #)###
#....#..#z#
#....##.##.#..#@#
#....####..).#
#......###.###
#..........#
###.##.##### #.#
..# #<# #..# ###
#.# .#


You could see 3 wights.

Vanquished Creatures
  Pikel (D:5)
  A steam dragon (D:6)
  Menkaure (D:6)
  A water moccasin (D:5)
  An ogre (D:3)
  Blork the orc (D:5)
  2 necrophages (D:4)
  A scorpion (D:4)
  2 wights (D:6)
  2 howler monkeys (D:4)
  3 hounds
  A jelly (D:5)
  An orc wizard (D:5)
  4 gnolls (D:5)
  7 adders
  3 worms (D:4)
  4 dart slugs
  10 orcs
  6 bats
  4 endoplasms
  8 giant cockroaches
  3 goblins
  3 hobgoblins
  2 quokkas (D:4)
  11 ball pythons
  4 frilled lizards
  9 kobolds
  8 rats
104 creatures vanquished.

Notes
Turn   | Place    | Note
-------+----------+-------------------------------------------
     0 | D:1      | qw the Tengu Warper began the quest for the Orb.
     0 | D:1      | Reached XP level 1. HP: 12/12 MP: 4/4
     0 | D:1      | 0 ||| qw: Version: 0.1-a-89-g26bdef1
     0 | D:1      | 0 ||| qw: Game counter: 1152
     0 | D:1      | 0 ||| qw: Always use a shield: true
     0 | D:1      | 0 ||| qw: God list: Okawaru
     0 | D:1      | 0 ||| qw: Allow faded altars: false
     0 | D:1      | 0 ||| qw: Do Orc after D:15 true
     0 | D:1      | 0 ||| qw: Do second Lair branch before Depths: true
     0 | D:1      | 0 ||| qw: Lair rune preference: random
     0 | D:1      | 0 ||| qw: Plans: Normal
     0 | D:1      | 0 ||| PLANNING D:1-11
    96 | D:1      | Reached XP level 2. HP: 17/17 MP: 6/6
    96 | D:1      | 96 ||| Stepping ~*~*~tactically~*~*~ (stealth).
    98 | D:1      | 98 ||| Stepping ~*~*~tactically~*~*~ (stealth).
   101 | D:1      | Reached skill level 3 in Axes
   549 | D:1      | Reached XP level 3. HP: 21/21 MP: 7/7
   566 | D:1      | 566 ||| Stepping ~*~*~tactically~*~*~ (hiding).
   668 | D:1      | 668 ||| Stepping ~*~*~tactically~*~*~ (hiding).
   770 | D:1      | 770 ||| Stepping ~*~*~tactically~*~*~ (hiding).
   772 | D:1      | 772 ||| Stepping ~*~*~tactically~*~*~ (hiding).
   906 | D:1      | Reached skill level 4 in Axes
  1248 | D:1      | 1248 ||| DROPPING scarf of harm.
  1249 | D:1      | 1249 ||| READING scroll labelled IMEHEC GAARCHU.
  1250 | D:1      | 1250 ||| DROPPING scroll of blinking.
  1295 | D:2      | You fall into a shaft and drop 2 floors!
  1348 | D:4      | 1348 ||| FLEEEEING.
  1349 | D:4      | 1349 ||| FLEEEEING.
  1350 | D:4      | 1350 ||| FLEEEEING.
  1351 | D:4      | 1351 ||| STAIRDANCE
  1546 | D:3      | Reached XP level 4. HP: 20/26 MP: 8/8
  1712 | D:3      | Noticed an ogre
  1713 | D:3      | 1713 ||| SWAPPING to +0 broad axe.
  1721 | D:3      | Killed an ogre
  1722 | D:3      | Reached skill level 5 in Axes
  1722 | D:3      | Gained mutation: Your magical nature lets you fly swiftly
                  | and evasively. [Tengu growth]
  1722 | D:3      | Reached XP level 5. HP: 30/30 MP: 9/9
  1722 | D:3      | 1722 ||| DROPPING +0 hand axe.
  1726 | D:3      | 1726 ||| UPGRADING to +0 ring mail.
  1736 | D:3      | 1736 ||| DROPPING +0 leather armour.
  1737 | D:3      | 1737 ||| READING scroll labelled DIOMUS CIMAD.
  1840 | D:2      | Reached skill level 6 in Axes
  1908 | D:2      | 1908 ||| DROPPING +0 vorpal mace.
  1965 | D:2      | Found a broken altar of Ashenzari.
  2166 | D:2      | Found a faded altar of an unknown god.
  2393 | D:2      | 2393 ||| UPGRADING to +0 plate armour.
  2403 | D:2      | 2403 ||| DROPPING +0 ring mail.
  2404 | D:2      | 2404 ||| READING scroll labelled SOCICE SASSA.
  2409 | D:2      | 2409 ||| READING scroll labelled WOOXTI MOWNI.
  2410 | D:2      | 2410 ||| READING scroll labelled DUUNGUW ACAFA.
  2411 | D:2      | 2411 ||| READING scroll labelled SYOTUA UKISOVVANI.
  2412 | D:2      | 2412 ||| READING 3 scrolls of identify.
  2412 | D:2      | 2412 ||| IDENTIFYING bubbling silvery potion
  2413 | D:2      | 2413 ||| READING 2 scrolls of identify.
  2413 | D:2      | 2413 ||| IDENTIFYING bubbling brown potion
  2414 | D:2      | 2414 ||| DROPPING potion of invisibility.
  2415 | D:2      | 2415 ||| DROPPING potion of ambrosia.
  2665 | D:3      | 2665 ||| Stepping ~*~*~tactically~*~*~ (stealth).
  2750 | D:3      | Found a runed translucent door.
  2751 | D:3      | Noticed Crazy Yiuf
  3019 | D:3      | Found a burning altar of Makhleb.
  3025 | D:3      | Identified the ring of Kocretaf {Fly Int+3}
  3197 | D:3      | 3197 ||| UPGRADING to ring of poison resistance.
  3198 | D:3      | 3198 ||| DROPPING ring of Kocretaf {Fly Int+3}.
  3243 | D:4      | Reached skill level 3 in Armour
  3243 | D:4      | Reached XP level 6. HP: 14/35 MP: 10/10
  3243 | D:4      | 3243 ||| STAIRDANCE
  3646 | D:4      | 3646 ||| Stepping ~*~*~tactically~*~*~ (hiding).
  3656 | D:4      | Reached skill level 7 in Axes
  3738 | D:4      | 3738 ||| Stepping ~*~*~tactically~*~*~ (stealth).
  3746 | D:4      | 3746 ||| FLEEEEING.
  3747 | D:4      | 3747 ||| FLEEEEING.
  3748 | D:4      | 3748 ||| FLEEEEING.
  3749 | D:4      | 3749 ||| FLEEEEING.
  3753 | D:4      | 3753 ||| FLEEEEING.
  3755 | D:4      | 3755 ||| FLEEEEING.
  3756 | D:4      | 3756 ||| FLEEEEING.
  3757 | D:4      | 3757 ||| FLEEEEING.
  3758 | D:4      | 3758 ||| FLEEEEING.
  3759 | D:4      | 3759 ||| STAIRDANCE
  3888 | D:3      | 3888 ||| READING scroll labelled ZIDODAA KUSMOTH.
  3889 | D:3      | 3889 ||| DRINKING 2 silvery potions.
  3889 | D:3      | Gained mutation: A frigid envelope surrounds you and
                  | freezes all who hurt you. [potion of mutation]
  3889 | D:3      | Gained mutation: You have hidden genetic defects. [potion
                  | of mutation]
  4083 | D:4      | Reached XP level 7. HP: 35/40 MP: 11/11
  4134 | D:4      | Reached skill level 3 in Fighting
  4135 | D:4      | Gained mutation: You occasionally shout uncontrollably at
                  | your foes. [hidden defects]
  4172 | D:4      | 4172 ||| Stepping ~*~*~tactically~*~*~ (stealth).
  4176 | D:4      | 4176 ||| Stepping ~*~*~tactically~*~*~ (stealth).
  4218 | D:4      | Noticed a moth of wrath
  4231 | D:4      | 4231 ||| FLEEEEING.
  4233 | D:4      | 4233 ||| FLEEEEING.
  4269 | D:4      | 4269 ||| Stepping ~*~*~tactically~*~*~ (stealth).
  4270 | D:4      | 4270 ||| Stepping ~*~*~tactically~*~*~ (stealth).
  4408 | D:4      | 4408 ||| Stepping ~*~*~tactically~*~*~ (stealth).
  4416 | D:4      | Found a bloodstained altar of Trog.
  4430 | D:4      | 4430 ||| DROPPING +0 mace.
  4514 | D:4      | 4514 ||| Stepping ~*~*~tactically~*~*~ (hiding).
  4518 | D:4      | 4518 ||| Stepping ~*~*~tactically~*~*~ (hiding).
  4651 | D:4      | 4651 ||| DROPPING +2 vorpal mace.
  4673 | D:4      | 4673 ||| UPGRADING to +0 cloak.
  4678 | D:4      | 4678 ||| DRINKING 2 clear potions.
  4679 | D:4      | 4679 ||| READING 2 scrolls of identify.
  4679 | D:4      | 4679 ||| IDENTIFYING purple potion
  4680 | D:4      | 4680 ||| DROPPING potion of lignification.
  4717 | D:5      | Entered Level 5 of the Dungeon
  4717 | D:5      | Noticed Blork the orc
  4722 | D:5      | Killed Blork the orc
  4731 | D:5      | Gained mutation: You occasionally lose the ability to read
                  | scrolls when taking damage. [hidden defects]
  4731 | D:5      | Lost mutation: You have hidden genetic defects. [hidden
                  | defects expressed]
  4746 | D:5      | 4746 ||| DRINKING potion of mutation.
  4746 | D:5      | Lost mutation: You occasionally lose the ability to read
                  | scrolls when taking damage. [potion of mutation]
  4746 | D:5      | Lost mutation: You occasionally shout uncontrollably at
                  | your foes. [potion of mutation]
  4746 | D:5      | Gained mutation: You occasionally lose the ability to read
                  | scrolls when taking damage. [potion of mutation]
  4746 | D:5      | Gained mutation: Your muscles are strong. (Str +4, Int/Dex
                  | -1) [potion of mutation]
  4889 | D:5      | Noticed Pikel
  4890 | D:5      | 4890 ||| Stepping ~*~*~tactically~*~*~ (hiding).
  4891 | D:5      | 4891 ||| Stepping ~*~*~tactically~*~*~ (hiding).
  4897 | D:5      | 4897 ||| DRINKING potion of cancellation.
  4901 | D:5      | HP: 1/41 [Pikel/+2 whip of electrocution (10)]
  4901 | D:5      | Killed Pikel
  4902 | D:5      | Reached skill level 9 in Axes
  4902 | D:5      | Reached XP level 8. HP: 2/46 MP: 12/12
  5126 | D:5      | 5126 ||| Stepping ~*~*~tactically~*~*~ (stealth).
  5139 | D:5      | HP: 9/45 [orc/+2 mace of draining (3)]
  5804 | D:5      | 5804 ||| Stepping ~*~*~tactically~*~*~ (hiding).
  5806 | D:5      | 5806 ||| Stepping ~*~*~tactically~*~*~ (hiding).
  5818 | D:5      | 5818 ||| Stepping ~*~*~tactically~*~*~ (stealth).
  6489 | D:5      | 6489 ||| READING scroll labelled YKLU CINAKKIU.
  6490 | D:5      | 6490 ||| READING scroll labelled RYMEPS DYHA.
  6491 | D:5      | 6491 ||| DRINKING 2 cyan potions.
  6492 | D:5      | 6492 ||| DRINKING 4 inky potions.
  6493 | D:5      | 6493 ||| READING 2 scrolls of identify.
  6493 | D:5      | 6493 ||| IDENTIFYING brown potion
  6494 | D:5      | 6494 ||| DROPPING potion of magic.
  6495 | D:5      | 6495 ||| DROPPING potion of attraction.
  6540 | D:6      | Noticed Menkaure
  6543 | D:6      | Killed Menkaure
  6544 | D:6      | Reached skill level 10 in Axes
  6665 | D:6      | HP: 11/45 [wight/+0 halberd (1)]
  6666 | D:6      | Reached XP level 9. HP: 12/50 MP: 13/13
  6667 | D:6      | HP: 5/50 [wight/+2 hand axe (8)]
  6668 | D:6      | Slain by a wight

Levels and vault maps discovered:
D:1:      eino_arrival_tree_alley, layout_basic
D:2:      layout_loops_ring, basic_ecumenical_altar, basic_altar,
          minmay_crystal_water, kennysheep_generic_room_11
D:3:      layout_loops_corners, bloody_makhleb, chequers_avenue,
          uniq_crazy_yiuf_cottage
D:4:      minmay_chambers_of_twos, layout_cave_pools, tgw_trog,
          serial_column_ruins, column_ruins_corridor_T,
          column_ruins_columns_corner, column_ruins_grid_2,
          column_ruins_open_small, column_ruins_columns_straight
D:5:      layout_layer_cave, grunt_decor_arrowhead, uniq_blork_the_orc,
          uniq_pikel
D:6:      layout_basic, general_overflow_altar, temple_doors_e, uniq_menkaure

Skill      XL: |  1  2  3  4  5  6  7  8 |
---------------+-------------------------+-----
Axes           | 3 4 5 6 7 9 10 | 10.1
Armour         | 3 5 |  5.1
Fighting       | 3 4 |  4.7
Throwing       | |  1.0
Dodging        | |  2.1
Spellcasting   | |  2.0
Translocations | |  2.4

Action                   |  1- 3 |  4- 6 |  7- 9 || total
-------------------------+-------+-------+-------++-------
Melee: Hand axe          |    84 |       |       ||    84
       Kick              |    13 |    19 |    21 ||    53
       Peck              |     8 |    15 |    13 ||    36
       Broad axe         |       |    97 |    63 ||   160
Throw: Boomerang         |     7 |    24 |    40 ||    71
  Use: Scroll            |     1 |     8 |     4 ||    13
       Potion            |       |     1 |     5 ||     6
Armor: Leather armour    |    16 |       |       ||    16
       Plate armour      |       |    49 |    28 ||    77
       Ring mail         |       |     6 |       ||     6
Dodge: Dodged            |    44 |    41 |    18 ||   103

Table legend:
 A = Non-vault XP
 B = Vault XP
 C = Vault XP percentage of total XP
 D = Non-vault monster count
 E = Vault monster count
 F = Vault count percentage of total count
                 A         B        C        D         E       F
            +---------+---------+-------+---------+---------+-------
      Total |    1253 |    1109 |  47.0 |      86 |      18 |  17.3
            +---------+---------+-------+---------+---------+-------
        D:1 |      51 |       0 |   0.0 |      31 |       0 |   0.0
        D:2 |      10 |      27 |  73.0 |       7 |       2 |  22.2
        D:3 |     164 |       0 |   0.0 |      12 |       0 |   0.0
        D:4 |     308 |     199 |  39.3 |      20 |      13 |  39.4
        D:5 |     384 |     711 |  64.9 |      13 |       2 |  13.3
        D:6 |     336 |     172 |  33.9 |       3 |       1 |  25.0
            +---------+---------+-------+---------+---------+-------
